 Dungeon Sprint DCSS version 0.28.0-43-g3370ac3207 (webtiles) character file.

Game seed: 503311328092087019

46 boopmooplesden the Chopper (level 3, -5/37 HPs)
             Began as a Minotaur Berserker on Mar 13, 2022.
             Was a Believer of Trog.
             Slain by a wolf (10 damage)
             ... in the Dungeon (Sprint III: "The Ten Rune Challenge").
             The game lasted 00:00:26 (217 turns).

boopmooplesden the Chopper (Minotaur Berserker)      Turns: 217, Time: 00:00:27

Health: -5/37      AC:  2    Str: 21    XL:     3   Next: 44%
Magic:  2/2        EV: 12    Int:  4    God:    Trog [**....]
Gold:   0          SH:  0    Dex: 11    Spells: 2/2 levels left

rFire   . . .      SeeInvis .   a - +0 hand axe
rCold   . . .      Faith    .   (no shield)
rNeg    . . .      Spirit   .   b - +0 animal skin
rPois   .          Reflect  .   (helmet restricted)
rElec   .          Harm     .   (no cloak)
rCorr   .          Rampage  .   (no gloves)
Will    .....      NoTele   +   (no boots)
Stlth   +.........              (no amulet)
HPRegen 0.12/turn               (no ring)
MPRegen 0.08/turn               (no ring)

@: no status effects
A: horns 2, retaliatory headbutt
a: Renounce Religion, Berserk, Trog's Hand


You were in the Dungeon.
You worshipped Trog.
Trog was pleased with you.
You visited 1 branch

Inventory:

Hand Weapons
 a - a +0 hand axe (weapon)
Missiles
 i - 5 poisoned darts (quivered)
Armour
 b - a +0 animal skin (worn)
Scrolls
 h - a scroll of blinking
Potions
 c - 2 potions of curing
 d - a potion of heal wounds
 e - a potion of haste
 f - 2 potions of magic
 g - a potion of berserk rage


   Skills:
 + Level 6.3 Fighting
 + Level 6.3 Axes
 + Level 3.5 Armour
 + Level 3.2 Dodging


You had 2 spell levels left.
You didn't know any spells.
Your spell library was empty.

Dungeon Overview and Level Annotations

Branches:
Dungeon (1/1)

Altars:


Innate Abilities, Weirdness & Mutations

You have a pair of horns on your head.
You reflexively headbutt those who attack you in melee.


Message History

HP restored.
A wolf comes into view.
The wolf howls!
The wolf closely misses you.
You hit the wolf but do no damage. The wolf bites you but does no damage.
The wolf bites you.
You closely miss the wolf. The wolf barely misses you.
The wolf closely misses you.
You hit the wolf but do no damage. Your headbutt misses the wolf.
The wolf closely misses you.
You hit the wolf. Your headbutt misses the wolf.
The wolf is heavily wounded.
The wolf completely misses you. The wolf barely misses you.
You hit the wolf.
The wolf is heavily wounded.
The wolf closely misses you. The wolf bites you.
You closely miss the wolf. Your headbutt misses the wolf.
The wolf is heavily wounded.
The wolf bites you.
You hit the wolf but do no damage.
The wolf is heavily wounded.
The wolf misses you. The wolf bites you.
You miss the wolf. Your headbutt misses the wolf.
The wolf is heavily wounded.
The wolf barely misses you. The wolf bites you.
You barely miss the wolf. Your headbutt misses the wolf.
The wolf is heavily wounded.
The wolf bites you.
* * * LOW HITPOINT WARNING * * *
You barely miss the wolf. Your headbutt misses the wolf.
The wolf is heavily wounded.
The wolf closely misses you. You furiously retaliate!
You headbutt the wolf. The wolf bites you.
* * * LOW HITPOINT WARNING * * *
You miss the wolf. Your headbutt misses the wolf.
The wolf is severely wounded.
The wolf bites you.
* * * LOW HITPOINT WARNING * * *
The wolf bites you!
You die...

▓▓▓▓ ▓▓▓▓▓ ▓<.#
+...♣♣♣♣ ▓..#
#....♣.♣
▓#'####.....♣
▓.†...#....≈♣♣♣♣..#
▓.....#...≈≈..♣.♣.#
▓.....#h.≈≈≈≈.....+
▓####'#@.≈≈≈≈≈≈...#
▓...)†#.≈≈≈≈≈≈....#
▓.....#.≈≈≈≈≈.....#
▓.....#.≈≈≈.......#
▓'#####...........#
▓.................#
▓▓▓▓▓▓▓▓▓▓▓▓▓▓▓▓▓▓▓


You could see a wolf.

Vanquished Creatures
  Jessica (D)
  A human (D)
  3 rats (D)
5 creatures vanquished.

Notes
Turn   | Place    | Note
-------+----------+-------------------------------------------
     0 | D        | boopmooplesden the Minotaur Berserker began the quest for
                  | the Orb.
     0 | D        | Reached XP level 1. HP: 19/19 MP: 0/0
    15 | D        | Noticed Jessica
    19 | D        | Killed Jessica
    19 | D        | Reached ** piety under Trog
    20 | D        | Reached skill level 5 in Fighting
    20 | D        | Reached skill level 5 in Axes
    20 | D        | Reached XP level 2. HP: 30/30 MP: 1/1
    89 | D        | Reached XP level 3. HP: 33/37 MP: 2/2
   217 | D        | Slain by a wolf

Illustrated notes

Levels and vault maps discovered:
D:        dungeon_sprint_mu [sprint_mu_entry_forest, sprint_mu_temple_rooms,
          sprint_mu_d1_horrors, sprint_mu_d2_genie, sprint_mu_d3_branching,
          sprint_mu_orc_legion, sprint_mu_elf_gauntlet, sprint_mu_hive_nellie,
          sprint_mu_lair_fedhas, sprint_mu_vaults_butterflies,
          sprint_mu_slime_circle, sprint_mu_swamp_cave, sprint_mu_snake_twists,
          sprint_mu_blade_basic, sprint_mu_crypt_chambers,
          sprint_mu_tomb_spiral, sprint_mu_vestibule_basic,
          sprint_mu_gehenna_hellfire, sprint_mu_dis_giant,
          sprint_mu_tartarus_statrot, sprint_mu_cocytus_islands, sprint_mu_zot1]

Skill      XL: |  1  2 |
---------------+-------+-----
Fighting       | 5 6 |  6.3
Axes           | 5 6 |  6.3
Armour         | 3 |  3.5
Dodging        | 3 |  3.2

Action                   || total
-------------------------++-------
Melee: Hand axe          ||    26
       Headbutt          ||     2
Invok: Berserk           ||     2
Armor: Animal skin       ||     2
Dodge: Dodged            ||    18
